AoeStats
← Pallesen

Fortress

508620358Analyzed
4v4 RM · 9d ago on Sep 23, 2026· 57m 29s· 8 players
Game mode
Random Map
Map size
Huge
Population
200
Speed
Normal
Resources
Standard
Victory
Conquest
Starting age
Dark Age
Ending age
Imperial Age
RankedLock teamsTeams togetherTeam positionsShared explorationLock speedFull tech treeHidden civsTurbo modeCheats
Victory
Defeat
🇲🇦 Inca · Morocco
1292
+13
🇻🇳 Khmer · Vietnam
1146
+19
🇪🇸 Lithuanians · Spain
1144
+19
🇮🇳 Byzantines · India
1141
+20
🇻🇳 Ethiopians · Vietnam
1232
-18
🇨🇳 Mongols · China
1232
-18
🇩🇰 Turks · Denmark
1231
-18
🇦🇺 Danes · Australia
1209
-17
Fuzzy
7:42 Feudal Age
11:32 Castle Age
9:19 Double-Bit Axe
11:38 Horse Collar
13:51 Bow Saw
14:28 Heavy Plow
18:06 Gold Mining
19:12 Squires
20:11 Wheelbarrow
21:28 Loom
22:04 Hand Cart
21:35 Town Watch
22:23 Stone Mining
26:31 Imperial Age
24:42 Scale Mail Armor
24:55 Forging
26:50 Chain Mail Armor
27:10 Iron Casting
27:36 Conscription
28:09 Gold Shaft Mining
28:15 Squires
28:00 Arson
27:58 Elite Jomsviking
32:40 Plate Mail Armor
32:46 Iron Casting
38:49 Blast Furnace
40:46 Elite Varangian Guard
51:39 Caravan
Pallesen
1:05 Loom
8:01 Feudal Age
12:00 Castle Age
10:15 Double-Bit Axe
12:54 Wheelbarrow
12:51 Bow Saw
14:05 Horse Collar
16:50 Hand Cart
18:32 Heavy Plow
20:03 Gold Mining
21:25 Gold Shaft Mining
26:35 Imperial Age
29:23 Artillery
32:26 Ballistics
33:35 Bombard Tower
35:38 Fortified Wall
35:43 Bloodlines
35:36 Husbandry
35:54 Forging
35:50 Scale Barding Armor
35:46 Padded Archer Armor
36:44 Conscription
38:49 Murder Holes
41:08 Chain Barding Armor
43:40 Plate Barding Armor
51:40 Two-Man Saw
HAIPHONG u50
7:43 Feudal Age
9:45 Double-Bit Axe
12:07 Castle Age
10:06 Horse Collar
13:05 Bow Saw
20:18 Imperial Age
17:47 Town Watch
18:00 Loom
18:47 Crossbowman
19:20 Fletching
20:20 Gold Mining
21:29 Wheelbarrow
23:53 Bodkin Arrow
24:20 Ballistics
25:25 Hand Cart
26:14 Chemistry
26:06 Bracer
27:08 Conscription
27:42 Guard Tower
28:08 Padded Archer Armor
30:47 Leather Archer Armor
30:39 Thumb Ring
30:55 Caravan
31:25 Coinage
32:13 Town Patrol
32:56 Coinage
32:20 Stone Mining
33:06 Gold Shaft Mining
32:54 Scale Mail Armor
33:05 Forging
33:16 Arson
33:31 Squires
33:48 Elite Shotel Warrior
34:45 Chain Mail Armor
34:48 Heavy Plow
35:58 Iron Casting
36:18 Plate Mail Armor
38:24 Blast Furnace
37:29 Arbalester
39:14 Two-Man Saw
39:35 Banking
39:42 Torsion Engines
41:24 Keep
43:08 Royal Heirs
43:52 Ring Archer Armor
43:49 Capped Ram
47:24 Masonry
51:20 Architecture
50:56 Siege Engineers
51:42 Onager
916036581
7:15 Feudal Age
8:44 Double-Bit Axe
8:57 Horse Collar
11:37 Castle Age
13:11 Bow Saw
13:20 Heavy Plow
18:38 Loom
21:18 Wheelbarrow
21:29 Wheelbarrow
23:49 Imperial Age
22:58 Wheelbarrow
22:46 Gold Mining
23:35 Padded Archer Armor
23:28 Fletching
25:12 Gold Shaft Mining
25:15 Conscription
24:57 Onager
26:40 Hand Cart
27:12 Drill
28:15 Chemistry
27:36 Ballistics
27:45 Siege Engineers
28:05 Stone Mining
28:43 Siege Onager
30:52 Leather Archer Armor
30:32 Bodkin Arrow
30:49 Husbandry
30:59 Bloodlines
31:21 Elite Mangudai
32:42 Bracer
38:01 Light Cavalry
40:11 Hoardings
43:54 Coinage
43:28 Caravan
49:35 Scale Barding Armor
49:41 Forging
ElPelucaSapbe
8:15 Feudal Age
9:24 Double-Bit Axe
9:41 Horse Collar
12:35 Castle Age
16:42 Wheelbarrow
16:33 Bow Saw
16:27 Heavy Plow
16:56 Loom
16:57 Town Watch
18:57 Stone Mining
20:16 Hand Cart
23:27 Gold Mining
26:26 Imperial Age
24:49 Scale Barding Armor
24:55 Forging
25:59 Bloodlines
25:49 Husbandry
28:03 Crop Rotation
29:02 Iron Casting
31:27 Two-Man Saw
30:50 Chain Barding Armor
33:00 Conscription
34:33 Plate Barding Armor
33:46 Elite Leitis
48:13 Caravan
57:00 Masonry
57:02 Fortified Wall
Rock_Bottom
7:08 Feudal Age
11:36 Castle Age
9:56 Double-Bit Axe
10:28 Horse Collar
13:51 Heavy Plow
18:03 Bow Saw
17:55 Loom
19:54 Wheelbarrow
23:38 Imperial Age
21:03 Stone Mining
22:23 Hand Cart
22:14 Gold Mining
23:31 Fletching
25:22 Conscription
25:21 Crossbowman
26:42 Thumb Ring
26:34 Bodkin Arrow
26:34 Arbalester
28:02 Bracer
28:02 Padded Archer Armor
28:28 Fortified Wall
29:06 Siege Engineers
30:10 Chemistry
30:04 Leather Archer Armor
31:36 Ballistics
32:19 Ring Archer Armor
32:02 Masonry
32:33 Crop Rotation
32:40 Gold Shaft Mining
32:56 Treadmill Crane
33:12 Murder Holes
36:58 Hoardings
38:29 Guard Tower
38:24 Arrowslits
39:06 Guilds
41:23 Keep
48:03 Elite Skirmisher
49:56 Andean Sling
55:21 Caravan
KhmerEmpire9164
0:45 Loom
9:11 Feudal Age
13:45 Castle Age
11:36 Double-Bit Axe
11:44 Stone Mining
11:38 Horse Collar
11:50 Gold Mining
14:11 Wheelbarrow
15:16 Bow Saw
17:14 Heavy Plow
24:34 Gold Shaft Mining
25:44 Hand Cart
27:25 Husbandry
27:35 Bloodlines
26:46 Light Cavalry
27:52 Town Watch
29:11 Stone Shaft Mining
31:24 Imperial Age
29:58 Town Patrol
30:33 Scale Barding Armor
30:39 Forging
32:15 Chain Barding Armor
32:29 Double Crossbow
32:49 Conscription
32:55 Conscription
33:15 Crop Rotation
32:28 Hussar
34:09 Plate Barding Armor
34:10 Iron Casting
35:04 Siege Engineers
36:00 Chemistry
35:20 Ballistics
34:50 Onager
37:24 Blast Furnace
38:36 Elite Ballista Elephant
46:37 Caravan
46:31 Heavy Scorpion
50:47 Hoardings
Lala Land
0:48 Loom
8:26 Feudal Age
13:59 Castle Age
11:47 Double-Bit Axe
11:44 Horse Collar
12:52 Gold Mining
19:05 Wheelbarrow
21:39 Fletching
22:38 Elite Skirmisher
23:53 Bodkin Arrow
25:16 Padded Archer Armor
27:13 Thumb Ring
30:26 Imperial Age
29:34 Bow Saw
29:35 Heavy Plow
30:27 Treadmill Crane
30:59 Fortified Wall
31:13 Bracer
31:29 Leather Archer Armor
31:38 Ballistics
32:20 Chemistry
31:28 Squires
30:49 Pikeman
34:30 Ring Archer Armor
36:30 Crop Rotation
37:01 Two-Man Saw
35:55 Stone Mining
36:41 Gold Shaft Mining
39:52 Hand Cart
40:30 Conscription
48:26 Caravan
Connection lost

Rejoining the realm…

Still unreachable

The connection could not be restored.

Session expired

The server has moved on; the page needs a fresh start.